 Dungeon Crawl Stone Soup version 0.28-a0-1629-gf728b707aa (webtiles) character file.

Game seed: 5650246239448514864

294 testman the Magician (level 6, 0/47 HPs)
             Began as a Djinni Hedge Wizard on Jan 24, 2022.
             Slain by an orc (5 damage)
             ... on level 3 of the Dungeon.
             The game lasted 00:16:30 (4199 turns).

testman the Magician (Djinni Hedge Wizard)          Turns: 4199, Time: 00:16:31

Health: 0/47       AC:  3    Str:  9    XL:     6   Next: 60%
Gold:   148        EV: 12    Int: 18    God:
                   SH:  0    Dex: 12

rFire   + + .      SeeInvis .   f - +0 short sword (elec)
rCold   x . .      Faith    .   (no shield)
rNeg    + + .      Spirit   .   b - +0 robe
rPois   ∞          Reflect  .   i - +0 helmet
rElec   .          Harm     .   (no cloak)
rCorr   .          Rampage  .   (no gloves)
Will    .....                   (boots unavailable)
Stlth   ++........              (no amulet)
HPRegen 0.15/turn               e - ring of positive energy
MPRegen 0.00/turn               k - ring of positive energy

@: flying
A: sickness immunity, fire resistance 2, cold vulnerability 1, float, innate
caster, hp casting, extra vitality 1
a: no special abilities


You were on level 3 of the Dungeon.
You visited 1 branch of the dungeon, and saw 4 of its levels.

You collected 148 gold pieces.

Inventory:

Hand Weapons
 f - a +0 short sword of electrocution (weapon)
Missiles
 a - 9 poisoned darts
 g - 66 stones
 o - 6 javelins
Armour
 b - a +0 robe (worn)
 i - a +0 helmet (worn)
Jewellery
 d - an amulet of faith
 e - a ring of positive energy (left hand)
 k - a ring of positive energy (right hand)
Scrolls
 c - 2 scrolls of teleportation {unknown}
 h - a scroll of identify {unknown}
 l - a scroll of enchant weapon {unknown}
 m - a scroll of blinking {unknown}
 n - a scroll of fog {unknown}
 p - 3 scrolls of amnesia {unknown}
Potions
 j - 2 potions of might {unknown}
 q - a potion of magic {unknown}


   Skills:
 + Level 4.1 Fighting
 - Level 2.1 Dodging
 - Level 1.5 Stealth
 + Level 4.1 Spellcasting


You couldn't memorise any spells.
You knew the following spells:

 Your Spells              Type           Power      Damage    Failure   Level
a - Magic Dart            Conj           72%        1d6       2%          1
b - Blink                 Tloc           36%        N/A       4%          2
c - Call Imp              Summ           18%        N/A       4%          2
d - Slow                  Hex            72%        N/A       2%          1
e - Conjure Flame         Conj/Fire      18%        6-21      8%          3
f - Mephitic Cloud        Conj/Pois/Air  18%        N/A       8%          3
g - Foxfire               Conj/Fire      72%        2x1d7     2%          1
h - Corpse Rot            Necr/Air       36%        N/A       4%          2
Your spell library was empty.

Dungeon Overview and Level Annotations

Branches:
Dungeon (4/15)
 Temple: D:4-7

Altars:


Innate Abilities, Weirdness & Mutations

You are immune to sickness and miasma.
You are immune to poison.
Your flesh is very heat resistant. (rF++)
You are vulnerable to cold. (rC-)
You float through the air rather than walking.
You learn spells naturally, not from books.
Your magical power is your life essence.
You have superior vitality. (+4 MHP)


Message History

The orc appears confused.
The orc wizard is engulfed in noxious fumes.
The orc wizard appears confused.
An orc comes into view. It is wielding a +0 dagger.
The orc shouts!
The orc wizard is engulfed in noxious fumes.
The orc wizard appears confused.
The orc is engulfed in noxious fumes.
A kobold comes into view. It is wielding a +0 dagger.
The kobold shouts!
The orc is engulfed in noxious fumes.
The orc appears confused.
The orc throws a boomerang.
The boomerang hits you.
* * * LOW HITPOINT WARNING * * *
The orc barely misses you.
The orc wizard hits the orc with a +0 dagger.
The orc wizard hits the orc with a +0 dagger.
The orc hits you with a +0 dagger.
* * * LOW HITPOINT WARNING * * *
The orc wizard hits the kobold with a +0 dagger.
The orc wizard hits itself with a +0 dagger.
The orc looks very confused.
The orc hits the orc wizard with a +0 hand axe.
The orc wizard hits the kobold with a +0 dagger.
The kobold is killed!
The orc wizard hits something with a +0 dagger.
The orc hits you with a +0 hand axe.
* * * LOW HITPOINT WARNING * * *
You feel a bit more experienced.
The orc throws a boomerang.
The boomerang barely misses you.
There is a stone staircase leading up here.
The orc closely misses you.
The orc throws a boomerang.
The boomerang barely misses you.
You fly upwards.
There is a stone staircase leading down here.
You hit the orc but do no damage.
The orc is severely wounded.
The orc barely misses you.
You hit the orc.
The orc is almost dead.
The orc hits you with a +0 hand axe.
You die...

#..# #.##..........##########
...# ##'##.##.##..............
...#### #.....##..####.......)...
......###.....##..# #.#######.#.
...##..........#..# #.# #.#.
...##.#.#(.....#..# #.# #.#.
...##.#.#......#..####.#######...
...##.#.#......#...............#.
#..##.#.........@o####.#######.#.
...##.#..........................
#.###.#..####.....####.#######.#.
#...................)............
#.###.#..####[.##.####...........
#.###.#..####..##.# #########.#.
#.........>.......# #.#.
#####.#........##.# #.#.
#.#######..##.# ####.#.


You could see an orc.

Vanquished Creatures
  A centaur (D:3)
  An orc priest (D:3)
  Jessica (D:2)
  Robin (D:2)
  3 adders
  3 gnolls (D:4)
  4 dart slugs
  6 orcs
  5 ball pythons
  8 endoplasms
  2 giant cockroaches
  14 goblins
  7 hobgoblins
  2 quokkas
  4 bats
  2 frilled lizards (D:1)
  6 kobolds
  4 rats
74 creatures vanquished.

Vanquished Creatures (others)
  4 foxfires (D:3)
  A withered plant (D:1)
5 creatures vanquished.

Grand Total: 79 creatures vanquished

Notes
Turn   | Place    | Note
-------+----------+-------------------------------------------
     0 | D:1      | testman the Djinni Hedge Wizard began the quest for the
                  | Orb.
     0 | D:1      | Reached XP level 1. HP: 15/15 MP: 0/0
   409 | D:1      | Reached XP level 2. HP: 19/22 MP: 0/0
   460 | D:1      | Reached skill level 1 in Fighting
   691 | D:1      | Found a faded altar of an unknown god.
  1341 | D:2      | Noticed Jessica
  1344 | D:2      | Killed Jessica
  1345 | D:2      | Reached XP level 3. HP: 26/28 MP: 0/0
  1345 | D:2      | Learned a level 1 spell: Foxfire
  1471 | D:2      | Reached XP level 4. HP: 31/33 MP: 0/0
  1478 | D:2      | Noticed Robin
  1487 | D:2      | Killed Robin
  2312 | D:2      | Reached XP level 5. HP: 40/40 MP: 0/0
  2312 | D:2      | Learned a level 2 spell: Corpse Rot
  2431 | D:3      | Noticed a centaur
  2440 | D:3      | Killed a centaur
  2677 | D:3      | Reached XP level 6. HP: 44/46 MP: 0/0
  4199 | D:3      | Slain by an orc

Illustrated notes

Levels and vault maps discovered:
D:1:      sevenhm_arrival_forest_fort_large_4, layout_loops_ring,
          shapermc_ecumenical_altar_gd
D:2:      minmay_inner_zag, layout_loops_cross, nrook_mini_vaults,
          minmay_misc_feat_tower, uniq_robin, uniq_jessica
D:3:      layout_basic, minmay_misc_feat_enclosed
D:4:      layout_loops_ring, kennysheep_generic_room_7

Skill      XL: |  1  2  3  4  5  6 |
---------------+-------------------+-----
Fighting       | 2 3 4 |  4.1
Spellcasting   | 3 4 |  4.1
Dodging        | |  2.1
Stealth        | |  1.5

Action                   |  1- 3 |  4- 6 || total
-------------------------+-------+-------++-------
Melee: Short sword       |     7 |    89 ||    96
       Dagger            |     5 |       ||     5
       Punch             |       |     2 ||     2
 Cast: Magic Dart        |    42 |    84 ||   126
       Mephitic Cloud    |       |     6 ||     6
       Foxfire           |       |     2 ||     2
 Stab: Sleeping          |     1 |     8 ||     9
       Confused          |       |     4 ||     4
Armor: Robe              |     6 |    24 ||    30
Dodge: Dodged            |    12 |    52 ||    64

Table legend: (Time is in decaauts)
 A = Elapsed time spent in this place.
 B = Non-inter-level travel time spent in this place.
 C = Inter-level travel time spent in this place.
 D = Time resting spent in this place.
 E = Time spent auto-exploring this place.
 F = Levels seen in this place.
 G = Mean time per level.
                   A        B        C        D        E       F      G
               +--------+--------+--------+--------+--------+-----+--------+
         Total |   4207 |   4132 |     75 |   1161 |   2334 |   4 | 1051.8 |
       Dungeon |   4207 |   4132 |     75 |   1161 |   2334 |   4 | 1051.8 |
               +--------+--------+--------+--------+--------+-----+--------+

Top non-repeatable levels by time:
     D:2: 1383 daAuts
     D:3: 1331 daAuts
     D:1: 1310 daAuts
     D:4: 182 daAuts
